 Dungeon Crawl Stone Soup version 0.30.1-4-g462c640d31 (webtiles) character file.

Game seed: 12810958852617367151

965 Nick1 the Shield-Bearer (level 8, -1/62 HPs)
             Began as a Formicid Fighter on Sept 16, 2023.
             Slain by Pikel
             ... wielding a +0 whip of freezing
              (2 damage)
             ... on level 5 of the Dungeon.
             The game lasted 00:13:00 (2945 turns).

Nick1 the Shield-Bearer (Formicid Fighter)          Turns: 2945, Time: 00:13:00

Health: -1/62      AC:  8    Str: 24    XL:     8   Next: 38%
Magic:  8/8        EV: 10    Int:  7    God:
Gold:   198        SH:  5    Dex: 13    Spells: 7/7 levels left

rFire   . . .        s - +0 scythe
rCold   . . .        c - +0 buckler
rNeg    . . .        b - +0 scale mail
rPois   .            (helmet unavailable)
rElec   .            (no cloak)
rCorr   .            C - +0 pair of gloves
SInv    +            (no boots)
Will    .....        l - amulet of regeneration Stlth
                     (no ring)
HPRegen 1.10/turn    (no ring)
MPRegen 0.11/turn

%: no passive effects
@: mighty
A: permanent stasis, dig shafts and tunnels, antennae 3, four strong arms
a: Dig, Shaft Self


You were on level 5 of the Dungeon.
You visited 1 branch of the dungeon, and saw 5 of its levels.

You collected 198 gold pieces.

Inventory:

Hand Weapons
 a - a +0 war axe
 s - a +0 scythe (weapon)
 w - a +0 halberd
Missiles
 m - 3 poisoned darts
 v - 6 curare-tipped darts (quivered)
 y - 4 atropa-tipped darts
Armour
 b - a +0 scale mail (worn)
 c - a +0 buckler (worn)
 C - a +0 pair of gloves (worn)
Jewellery
 l - an amulet of regeneration (around neck)
 u - a ring of willpower
Wands
 g - a wand of mindburst (12)
Scrolls
 h - 2 scrolls of poison {unknown}
 i - 3 scrolls of fog {unknown}
 j - 2 scrolls of teleportation {unknown}
 o - a scroll of enchant weapon {unknown}
 p - 4 scrolls of fear {unknown}
 q - a scroll of amnesia {unknown}
 t - 2 scrolls of enchant armour {unknown}
 z - a scroll of silence {unknown}
 A - a scroll of brand weapon {unknown}
Potions
 e - 2 potions of curing
 k - 2 potions of cancellation
 n - a potion of ambrosia
 r - a potion of lignification {unknown}
 x - a potion of brilliance {unknown}


   Skills:
 * Level 5.0 Fighting
 * Level 5.1(5.7) Axes
 + Level 3.4(4.8) Polearms
 + Level 1.1 Throwing
 * Level 5.6 Armour
 + Level 1.0 Dodging
 + Level 0.4 Stealth
 * Level 5.7 Shields


You had 7 spell levels left.
You didn't know any spells.
Your spell library contained the following spells:

 Spells                   Type           Power      Damage    Failure   Level
 Sublimation of Blood     Necr           0%         N/A       88%         2
 Olgreb's Toxic Radiance  Pois           0%         N/A       100%        4
 Petrify                  Tmut/Erth      0%         N/A       100%        4
 Irradiate                Conj/Tmut      0%         3d11      100%        5
 Discord                  Hex            0%         N/A       100%        8
 Ignition                 Fire           0%         3d3       100%        8


Dungeon Overview and Level Annotations

Branches:
Dungeon (5/15)
 Temple: D:4-7

Altars:

Annotations:
D:5 Pikel


Innate Abilities, Weirdness & Mutations

You cannot be hasted, slowed, berserked, paralysed or teleported.
You can dig through walls and to a lower floor.
You have a pair of large antennae on your head. (SInv)
Your four strong arms can wield two-handed weapons with a shield.


Message History

The lemure moves out of view.
The lemure shouts!
Reach: s) +0 scythe
Press: ? - help, Dir - move target, f - Pikel
Aim: Pikel, wielding a +0 whip of freezing and wearing a +0 robe (about 55% to evade your +0 scythe)
You reach to attack!
You closely miss Pikel. You closely miss Pikel. You block Pikel's attack.
You barely miss Pikel.
Pikel hits you with a +0 whip of freezing!
Pikel freezes you.
You closely miss Pikel.
Pikel hits you with a +0 whip of freezing!
Pikel freezes you. Pikel hits you but does no damage.
You puncture Pikel!
Pikel is heavily wounded.
Pikel hits you with a +0 whip of freezing.
Pikel freezes you.
You barely miss Pikel.
Pikel is heavily wounded.
Pikel hits you with a +0 whip of freezing!
Pikel freezes you.
* * * LOW HITPOINT WARNING * * *
You slash Pikel!
Pikel is severely wounded.
Pikel hits you with a +0 whip of freezing.
* * * LOW HITPOINT WARNING * * *
Pikel freezes you.
* * * LOW HITPOINT WARNING * * *
Pikel barely misses you.
You feel very mighty all of a sudden.
Pikel hits you with a +0 whip of freezing!
* * * LOW HITPOINT WARNING * * *
Pikel freezes you.
* * * LOW HITPOINT WARNING * * *
You barely miss Pikel.
Pikel is severely wounded.
Pikel hits you with a +0 whip of freezing.
* * * LOW HITPOINT WARNING * * *
Pikel freezes you.
You die...

# ###.# #.#
#.# #.# #.#
#.# #.#
...########.#
..5555K@....#
...##########


You could see Pikel and 4 lemures.

Vanquished Creatures
  Grinder (D:4)
  Sigmund (D:2)
  A water moccasin (D:5)
  A centaur (D:5)
  A phantom (D:5)
  A jelly (D:4)
  An orc priest (D:4)
  Ijyb (D:3)
  Jessica (D:3)
  2 iguanas (D:5)
  An orc wizard (D:3)
  7 gnolls
  An adder (D:3)
  An ufetubus (D:4)
  2 worms
  A dart slug (D:2)
  14 orcs
  3 endoplasms
  2 giant cockroaches
  6 goblins
  3 hobgoblins
  3 jackals (D:2)
  6 kobolds
  A quokka (D:2)
  11 ball pythons
  5 bats
  10 rats
88 creatures vanquished.

Notes
Turn   | Place    | Note
-------+----------+-------------------------------------------
     0 | D:1      | Nick1 the Formicid Fighter began the quest for the Orb.
     0 | D:1      | Reached XP level 1. HP: 18/18 MP: 1/1
    71 | D:1      | Reached XP level 2. HP: 24/24 MP: 2/2
   745 | D:2      | Noticed Sigmund
   752 | D:2      | Killed Sigmund
   753 | D:2      | Reached XP level 3. HP: 29/30 MP: 3/3
   753 | D:2      | Reached XP level 4. HP: 36/37 MP: 4/4
   753 | D:2      | Reached XP level 5. HP: 41/42 MP: 5/5
  1127 | D:2      | Reached XP level 6. HP: 48/48 MP: 6/6
  1535 | D:3      | Noticed Ijyb
  1549 | D:3      | Killed Ijyb
  1597 | D:3      | Reached skill level 1 in Throwing
  1612 | D:3      | Reached skill level 5 in Shields
  1938 | D:3      | Noticed Jessica
  1940 | D:3      | Killed Jessica
  2176 | D:4      | Reached skill level 1 in Polearms
  2176 | D:4      | Reached XP level 7. HP: 52/53 MP: 7/7
  2204 | D:4      | Identified the +7 rapier of Noyh {spect, +Blink rPois
                  | Int+7}
  2444 | D:4      | Noticed Grinder
  2465 | D:4      | Killed Grinder
  2466 | D:4      | Reached skill level 5 in Armour
  2717 | D:5      | Entered Level 5 of the Dungeon
  2844 | D:5      | Noticed a water moccasin
  2864 | D:5      | Killed a water moccasin
  2865 | D:5      | Reached skill level 5 in Axes
  2865 | D:5      | Reached XP level 8. HP: 12/61 MP: 8/8
  2912 | D:5      | Reached skill level 5 in Fighting
  2912 | D:5      | Reached skill level 1 in Dodging
  2934 | D:5      | Noticed Pikel
  2945 | D:5      | HP: 1/62 [Pikel/+0 whip of freezing (6)]
  2945 | D:5      | Slain by Pikel

Illustrated notes

Levels and vault maps discovered:
D:1:      tekkud_arrival_beachfront_property, layout_rooms
D:2:      layout_basic, kennysheep_flooded_box,
          minmay_fractal_squares_gapless_5, uniq_sigmund
D:3:      layout_loops_corners, hangedman_glass_teeth, uniq_ijyb, uniq_jessica
D:4:      layout_loops_ring, uniq_grinder
D:5:      layout_loops_ring, uniq_pikel

Skill      XL: |  1  2  3  4  5  6  7  8 |
---------------+-------------------------+-----
Fighting       | 4 5 |  5.0
Axes           | 3 4 5 |  5.1
Armour         | 4 5 |  5.6
Throwing       | 1 |  1.1
Shields        | 5 |  5.7
Polearms       | 1 3 |  3.4
Dodging        | 1 |  1.0
Stealth        | |  0.4

Action                     |  1- 3 |  4- 6 |  7- 9 || total
---------------------------+-------+-------+-------++-------
  Melee: War axe           |    54 |    61 |       ||   115
         Halberd           |       |    55 |   110 ||   165
  Throw: Dart              |     5 |    19 |       ||    24
         Throwing net      |       |     1 |       ||     1
    Use: Scroll            |     3 |     2 |     2 ||     7
         Potion            |       |       |     1 ||     1
 Armour: Scale mail        |    26 |    46 |    48 ||   120
  Dodge: Dodged            |    23 |    36 |    54 ||   113
  Block: Buckler           |    16 |    20 |    39 ||    75
